 Dungeon Crawl Stone Soup version 0.23-a0-359-g9beedce (webtiles) character file.

158 lemonriz the Changer (level 5, -3/44 HPs)
             Began as a Draconian Transmuter on Oct 23, 2018.
             Slain by an iguana (9 damage)
             ... on level 3 of the Dungeon.
             The game lasted 00:02:25 (2152 turns).

lemonriz the Changer (Draconian Transmuter)         Turns: 2152, Time: 00:02:26

Health: -3/44      AC:  6    Str: 13    XL:     5   Next: 16%
Magic:  6/8        EV: 12    Int: 14    God:
Gold:   105        SH:  0    Dex: 11    Spells: 2/8 levels left

rFire    . . .     SeeInvis .     - Unarmed
rCold    + . .     Gourm    .   (no shield)
rNeg     . . .     Faith    .   (armour unavailable)
rPois    .         Spirit   .   (helmet restricted)
rElec    .         Reflect  .   e - +0 cloak
rCorr    .         Harm     .   (no gloves)
MR       .....                  (no boots)
Stlth    +.........             (no amulet)
HPRegen  0.14/turn              d - ring of protection from cold
MPRegen  0.11/turn              (no ring)

@: appendage (expiring)
A: unfitting armour, horns 2, cold-blooded, AC +5
a: End Transformation


You were on level 3 of the Dungeon.
You were not hungry.
You had grown temporary horns.
You visited 1 branch of the dungeon, and saw 3 of its levels.

You collected 105 gold pieces.

Inventory:

Missiles
 a - 11 arrows
Armour
 e - a +0 cloak (worn)
Jewellery
 d - a ring of protection from cold (left hand)
Scrolls
 b - a scroll of magic mapping {unknown}
 k - a scroll of remove curse {unknown}
Potions
 f - a potion of flight {unknown}
 g - a potion of heal wounds {unknown}
 h - a potion of resistance {unknown}
 i - a potion of degeneration {unknown}
 j - a potion of invisibility {unknown}
Comestibles
 c - 4 rations


   Skills:
 + Level 2.8 Fighting
 - Level 1.7 Dodging
 + Level 3.9 Unarmed Combat
 - Level 2.0 Spellcasting
 * Level 4.1 Transmutations


You had 2 spell levels left.
You knew the following spells:

 Your Spells              Type           Power        Failure   Level  Hunger
a - Beastly Appendage     Tmut           ##....       4%          1    ##.....
b - Sticks to Snakes      Tmut           ##......     7%          2    ###....
c - Spider Form           Tmut/Pois      #.........   30%         3    ####...

Your spell library contained the following spells:

 Spells                   Type           Power        Failure   Level  Hunger
 Ice Form                 Ice/Tmut       #.......     71%         4    #####..
 Blade Hands              Tmut           ##........   77%         5    ######.


Dungeon Overview and Level Annotations

Branches:
Dungeon (3/15)

Altars:
Vehumet


Innate Abilities, Weirdness & Mutations

Your plain brown scales are hard. (AC +5)
You cannot fit into any form of body armour.
You are cold-blooded and may be slowed by cold attacks.
You have a pair of horns on your head.


Message History

The iguana is heavily wounded.
The iguana closely misses you.
You hit the iguana but do no damage.
The iguana is heavily wounded.
The iguana bites you!
You hit the iguana but do no damage.
The iguana is heavily wounded.
Your transformation is almost over.
The iguana bites you!
* * * LOW HITPOINT WARNING * * *
You hit the iguana but do no damage. Your headbutt misses the iguana.
The iguana is heavily wounded.
The iguana barely misses you.
You hit the iguana. Your headbutt misses the iguana.
The iguana is heavily wounded.
The iguana barely misses you.
Casting: Beastly Appendage (safe; 4% risk of failure)
Confirm with . or Enter, or press ? or * to list all spells.
You create a snake!
You now have 11 arrows.
The iguana bites you!
You die...

.# .# ### ## .#
...#. .. #.#. .#
#.. .# #.###
#.##.## #.#..#
##@lS.#
#.#.#.###.##..#
#.#.##.#..# .....
#.#.###.#......#.#
##.......#........#
#......######.#####
#....#.# .# #.
#..###.# .# #.#
#......# ##+# #.#


You could see an iguana and a friendly ball python.

Vanquished Creatures
  A bullfrog (D:2)
  Jessica (D:2)
  3 adders (D:2)
  3 dart slugs
  A ball python (D:1)
  2 bats
  5 giant cockroaches
  2 goblins
  3 hobgoblins
  3 jackals (D:1)
  A quokka (D:2)
  2 frilled lizards
  6 kobolds
  5 rats (D:1)
38 creatures vanquished.

Vanquished Creatures (others)
  A leopard gecko (D:2)
  A frilled lizard (D:2)
2 creatures vanquished.

Grand Total: 40 creatures vanquished

Notes
Turn   | Place    | Note
-------+----------+-------------------------------------------
     0 | D:1      | lemonriz the Draconian Transmuter began the quest for the
                  | Orb.
     0 | D:1      | Reached XP level 1. HP: 16/16 MP: 3/3
   136 | D:1      | Reached XP level 2. HP: 18/23 MP: 5/5
   153 | D:1      | Learned a level 2 spell: Sticks to Snakes
   594 | D:1      | Reached XP level 3. HP: 27/29 MP: 6/6
   599 | D:1      | Learned a level 3 spell: Spider Form
   814 | D:2      | Reached skill level 3 in Transmutations
   859 | D:2      | Noticed a bullfrog
   872 | D:2      | Killed a bullfrog
   872 | D:2      | Reached XP level 4. HP: 8/37 MP: 7/7
  1471 | D:2      | Found a radiant altar of Vehumet.
  1685 | D:2      | Noticed Jessica
  1695 | D:2      | Killed Jessica
  1695 | D:2      | Reached skill level 4 in Transmutations
  1695 | D:2      | Reached XP level 5. HP: 29/42 MP: 6/8
  2152 | D:3      | Slain by an iguana

Vault maps used:
D:1:      minmay_arrival_checkered_box
D:2:      fiery_altar_vehumet, uniq_jessica
D:3:      lemuel_crystal_altar

Skill      XL: |  1  2  3  4 |
---------------+-------------+-----
Transmutations | 3 4 |  4.1
Fighting       | 2 |  2.8
Dodging        | |  1.7
Unarmed Combat | |  3.9
Spellcasting   | |  2.0

Action                   |  1- 3 |  4- 6 || total
-------------------------+-------+-------++-------
Melee: Unarmed           |   120 |    76 ||   196
       Tailslap          |    10 |     8 ||    18
       Punch             |     2 |     1 ||     3
 Cast: Beastly Appendage |     1 |     3 ||     4
       Sticks to Snakes  |       |     1 ||     1
  Use: Scroll            |     1 |       ||     1
 Stab: Sleeping          |     2 |       ||     2
  Eat: Chunk             |       |     4 ||     4
Armor: Skin              |    43 |    27 ||    70
Dodge: Dodged            |    79 |    45 ||   124

Table legend:
 A = Non-vault XP
 B = Vault XP
 C = Vault XP percentage of total XP
 D = Non-vault monster count
 E = Vault monster count
 F = Vault count percentage of total count
                 A         B        C        D         E       F
            +---------+---------+-------+---------+---------+-------
      Total |     189 |      37 |  16.4 |      37 |       1 |   2.6
            +---------+---------+-------+---------+---------+-------
        D:1 |      41 |       0 |   0.0 |      23 |       0 |   0.0
        D:2 |     146 |      37 |  20.2 |      13 |       1 |   7.1
        D:3 |       2 |       0 |   0.0 |       1 |       0 |   0.0
            +---------+---------+-------+---------+---------+-------
